 Dungeon Crawl Stone Soup version 0.26.1-11-gd32895ea62 (webtiles) character file.

Game seed: 16259114490759869584

88 Arcadio the Grave Robber (level 4, -2/33 HPs)
             Began as a Hill Orc Necromancer on May 21, 2021.
             Slain by an orc warrior
             ... wielding a +0 hand axe
              (10 damage)
             ... on level 3 of the Dungeon.
             The game lasted 00:07:52 (4753 turns).

Arcadio the Grave Robber (Hill Orc Necromancer)     Turns: 4753, Time: 00:07:53

Health: -2/33      AC:  2    Str: 10    XL:     4   Next: 54%
Magic:  6/6        EV: 13    Int: 16    God:
Gold:   105        SH:  0    Dex: 11    Spells: 1/6 levels left

rFire    . . .     SeeInvis .   m - +2 short sword (speed)
rCold    . . .     Faith    .   (no shield)
rNeg     . . .     Spirit   .   a - +0 robe
rPois    .         Reflect  .   (no helmet)
rElec    .         Harm     .   (no cloak)
rCorr    .         Rampage  .   (no gloves)
Will     .....                  (no boots)
Stlth    ++........             (no amulet)
HPRegen  0.11/turn              (no ring)
MPRegen  0.10/turn              (no ring)

@: lethally poisoned (-2 -> -10)
A: no striking features
a: no special abilities


You were on level 3 of the Dungeon.
You visited 1 branch of the dungeon, and saw 4 of its levels.

You collected 105 gold pieces.

Inventory:

Hand Weapons
 b - a +0 dagger
 m - a +2 short sword of speed (weapon)
Armour
 a - a +0 robe (worn)
Wands
 d - a wand of iceblast (10)
Scrolls
 c - a scroll of enchant weapon {unknown}
 e - a scroll of blinking
 f - a scroll of magic mapping
 g - a scroll of noise {unknown}
 i - a scroll of teleportation
 j - 2 scrolls of immolation {unknown}
 k - 2 scrolls of remove curse
Potions
 h - 2 potions of flight
 l - a potion of curing
 n - a potion of magic


   Skills:
 + Level 2.9 Dodging
 - Level 1.5 Stealth
 - Level 1.5 Spellcasting
 + Level 5.0 Necromancy


You had one spell level left.
You knew the following spells:

 Your Spells              Type           Power        Failure   Level
a - Pain                  Necr           68%          2%          1
b - Animate Skeleton      Necr           34%          2%          1
c - Vampiric Draining     Necr           8%           9%          3

Your spell library contained the following spells:

 Spells                   Type           Power        Failure   Level
 Animate Dead             Necr           8%           28%         4
 Agony                    Necr           17%          61%         5


Dungeon Overview and Level Annotations

Branches:
Dungeon (4/15)
 Temple: D:4-7

Altars:
Cheibriados
Elyvilon
Yredelemnul


Message History

You hit the orc.
You kill the orc!
You start resting.
HP restored.
You start resting.
Magic restored.
You can't go down here!
You climb upwards.
The orc warrior hits you with a +0 hand axe.
The orc closely misses you. The worker ant bites you.
The orc warrior hits you with a +0 hand axe!
The orc hits you with a +0 flail.
There is a stone staircase leading down here.
You can't go up here!
The worker ant bites you.
* * * LOW HITPOINT WARNING * * *
You are lethally poisoned!
The worker ant poisons you!
The orc warrior hits you with a +0 hand axe!
You die...

,,,,,,,***,,,,,.........,.,,,....
,<,,,,,**,,****#o..#.#.#.#.#.#.#.
,***,****,** *.................
,***,****,*** *#.#.#.#.#.#.#.#.#
,,,,,**,≈,≈,** ##................
.#*,,*,,≈,≈,,* #.#.#.#.#.#.#.#.#.
.###**,≈≈,≈≈,* #o................
.,.##*,≈,,,≈,###oB#.#.#.#.#.#.#.#
##..,**,,_,,*#.o@#...............
...#********#..###.#.#.#.#.#.#.#.
##.###.#****##>..................
.......# ######.#.#.#.#.#.#.#
.#.#####****#######..............
##.#* *,,,,........(#.#.#.#.#.#.
*gg* *****########.......†.....
*#g# ######..#.#.#.#.#.# ###.#*
**#..................


You could see an orc warrior, a worker ant and 2 orcs.

Vanquished Creatures
  4 gnolls
  A dart slug (D:2)
  A leopard gecko (D:3)
  2 orcs
  A giant cockroach (D:1)
  6 goblins
  5 hobgoblins
  4 jackals
  7 kobolds
  6 bats
  A frilled lizard (D:1)
  4 rats
42 creatures vanquished.

Notes
Turn   | Place    | Note
-------+----------+-------------------------------------------
     0 | D:1      | Arcadio the Hill Orc Necromancer began the quest for the
                  | Orb.
     0 | D:1      | Reached XP level 1. HP: 14/14 MP: 3/3
     2 | D:1      | Learned a level 1 spell: Animate Skeleton
   315 | D:1      | Reached XP level 2. HP: 17/20 MP: 1/4
  1890 | D:2      | Reached XP level 3. HP: 16/26 MP: 0/5
  2287 | D:2      | Learned a level 3 spell: Vampiric Draining
  2391 | D:2      | Found a snail-covered altar of Cheibriados.
  2540 | D:2      | Found a basalt altar of Yredelemnul.
  2540 | D:2      | Found a white marble altar of Elyvilon.
  3558 | D:3      | Reached XP level 4. HP: 18/33 MP: 2/6
  3768 | D:3      | Noticed an ice beast
  4697 | D:3      | Reached skill level 5 in Necromancy
  4729 | D:3      | Noticed an orc warrior
  4753 | D:3      | Slain by an orc warrior

Illustrated notes

Levels and vault maps discovered:
D:1:      psy_arrival_dodecagon, layout_basic
D:2:      layout_loops_cross, gammafunk_temple_overflow_forgotten
D:3:      layout_rooms, serial_bayou_pond_e, minmay_statues_item, hex_large,
          trog_hazing_becter
D:4:      layout_gridville, uniq_eustachio

Skill      XL: |  1  2  3  4 |
---------------+-------------+-----
Dodging        | 2 |  2.9
Necromancy     | 5 |  5.0
Stealth        | |  1.5
Spellcasting   | |  1.5

Action                   |  1- 3 |  4- 6 || total
-------------------------+-------+-------++-------
Melee: Dagger            |     9 |       ||     9
       Short sword       |    14 |    12 ||    26
 Cast: Pain              |    59 |    17 ||    76
       Animate Skeleton  |     1 |       ||     1
  Use: Scroll            |     7 |     1 ||     8
 Stab: Sleeping          |     1 |       ||     1
Armor: Robe              |    11 |     7 ||    18
Dodge: Dodged            |    35 |    19 ||    54
